 Dungeon Crawl Stone Soup version 0.28-a0-1616-g050a50673c (webtiles) character file.

Game seed: 11279399329569664452

5940 grumblor the Covert (level 10, -6/68 HPs)
             Began as an Octopode Brigand on Jan 22, 2022.
             Was a Believer of Dithmenos.
             Mangled by an orc warrior (20 damage)
             ... on level 8 of the Dungeon.
             The game lasted 00:23:34 (11326 turns).

grumblor the Covert (Octopode Brigand)             Turns: 11326, Time: 00:23:35

Health: -6/68      AC:  1    Str: 11    XL:     10   Next: 83%
Magic:  14/16      EV: 16    Int: 13    God:    Dithmenos [**....]
Gold:   1257       SH:  0    Dex: 18    Spells: 11/17 levels left

rFire   . . .      SeeInvis .   w - +2 short sword (vamp)
rCold   . . .      Faith    .   (no shield)
rNeg    . . .      Spirit   .   (helmet restricted)
rPois   .          Reflect  .   (no amulet)
rElec   .          Harm     .   (no ring)
rCorr   .          Rampage  .   (no ring)
Will    .....                   (no ring)
Stlth   +++++++++.              (no ring)
HPRegen 0.21/turn               (no ring)
MPRegen 0.15/turn               (no ring)
                                (no ring)
                                (no ring)

@: wreathed by umbra
A: almost no armour, amphibious, 8 rings, camouflage 1, gelatinous body 1,
(nimble swimmer 1), tentacles
a: Renounce Religion, Shadow Step


You were on level 8 of the Dungeon.
You worshipped Dithmenos.
Dithmenos was pleased with you.
You visited 1 branch of the dungeon, and saw 9 of its levels.
You also visited: Bailey.

You collected 1257 gold pieces.

Inventory:

Hand Weapons
 a - a +2 dagger of protection
 w - a +2 vampiric short sword (weapon)
Missiles
 b - 24 poisoned darts (quivered)
 c - 3 curare-tipped darts
 g - 5 silver boomerangs
 m - 4 throwing nets
 s - 15 boomerangs
Wands
 d - a wand of acid (2)
 j - a wand of polymorph (3)
 q - a wand of iceblast (18)
 u - a wand of paralysis (5)
 x - a wand of mindburst (11)
Scrolls
 k - a scroll of brand weapon
 n - 2 scrolls of magic mapping
 p - 2 scrolls of teleportation
 r - a scroll of holy word
 y - a scroll of blinking
 z - a scroll of fog
Potions
 e - 3 potions of brilliance
 f - a potion of mutation
 h - 2 potions of heal wounds
 i - a potion of ambrosia
 l - 2 potions of attraction {unknown}
 o - 5 potions of curing {unknown}
 t - a potion of berserk rage {unknown}
 v - a potion of haste {unknown}
 A - a potion of resistance {unknown}
 B - 2 potions of magic {unknown}


   Skills:
 * Level 5.8 Fighting
 * Level 5.5 Short Blades
 - Level 4.0 Throwing
 * Level 6.0 Dodging
 * Level 13.9 Stealth
 * Level 4.2 Spellcasting
 * Level 1.8 Air Magic
 * Level 2.0 Poison Magic
 - Level 4.0 Invocations
 - Level 4.0 Evocations


You had 11 spell levels left.
You knew the following spells:

 Your Spells              Type           Power      Damage    Failure   Level
a - Poisonous Vapours     Pois/Air       14%        N/A       14%         2
b - Olgreb's Toxic Radia  Pois           8%         N/A       65%         4

Your spell library contained the following spells:

 Spells                   Type           Power      Damage    Failure   Level
 Sting                    Tmut/Pois      20%        1d4       13%         1
 Freeze                   Ice            8%         1d3       21%         1
 Call Canine Familiar     Summ           2%         N/A       52%         3
 Dazzling Flash           Conj/Hex       4%         N/A       52%         3
 Frozen Ramparts          Ice            4%         1d2       52%         3
 Portal Projectile        Hex/Tloc       4%         N/A       52%         3
 Hailstorm                Conj/Ice       2%         3d3       90%         4
 Leda's Liquefaction      Hex/Erth       1%         N/A       90%         4
 Alistair's Intoxication  Tmut/Pois      3%         N/A       98%         5
 Silence                  Hex/Air        2%         N/A       98%         5
 Agony                    Necr           2%         N/A       99%         5
 Borgnjor's Vile Clutch   Necr/Erth      1%         N/A       99%         5
 Eringya's Noxious Bog    Tmut/Pois      2%         N/A       100%        6


Dungeon Overview and Level Annotations

Branches:
Dungeon (9/15)             Bailey (visited)
 Temple: D:4-7         Lair: D:8-11         Orc: D:9-12

Altars:
Dithmenos
Fedhas
Hepliaklqana
Kikubaaqudgha
Trog
Vehumet
Xom

Annotations:
D:9 Joseph, Maggie


Innate Abilities, Weirdness & Mutations

You cannot wear most types of armour.
You are amphibious.
You can wear up to eight rings at the same time.
Your skin changes colour to match your surroundings (Stealth+).
Your rubbery body absorbs attacks. (AC +1, EV +1)
((You are camouflaged when in or above water. (Stealth+)))
You have tentacles for arms and can constrict up to eight enemies at once.


Message History

The orc warrior is poisoned.
Your attack snaps the orc warrior out of its fear.
Casting: Poisonous Vapours (safe; 14% risk of failure)
Confirm with . or Enter, or press ? or * to list all spells.
Aiming: Poisonous Vapours (safe; 14% risk of failure)
Press: ? - help, Dir - move target, f/p - orc warrior
Aim: an orc warrior, wielding a +0 long sword and wearing a +0 chain mail (lightly wounded, poisoned, umbra) Poisonous vapours surround the orc warrior!
The orc warrior looks even sicker.
You see here a +0 chain mail.
The orc warrior looks more healthy.
Casting: Poisonous Vapours (safe; 14% risk of failure)
Confirm with . or Enter, or press ? or * to list all spells.
Aiming: Poisonous Vapours (safe; 14% risk of failure)
Press: ? - help, Dir - move target, f/p - orc warrior
Aim: an orc warrior, wielding a +0 long sword and wearing a +0 chain mail (moderately wounded, umbra) Poisonous vapours surround the orc warrior!
The orc warrior is poisoned.
The orc warrior closely misses you.
You hit the orc warrior but do no damage.
You grab the orc warrior.
You tentacle-slap the orc warrior, but do no damage.
You squeeze the orc warrior.
The orc warrior is moderately wounded.
You constrict the orc warrior, but do no damage.
The orc warrior barely misses you.
You hit the orc warrior.
You feel better.
You tentacle-slap the orc warrior. You squeeze the orc warrior.
The orc warrior is severely wounded.
You constrict the orc warrior. The orc warrior closely misses you.
You hit the orc warrior but do no damage.
The orc warrior is severely wounded.
You constrict the orc warrior.
The orc warrior looks more healthy.
The orc warrior hits you with a +0 long sword!
* * * LOW HITPOINT WARNING * * *
You hit the orc warrior but do no damage.
You squeeze the orc warrior.
The orc warrior is almost dead.
You constrict the orc warrior.
The orc warrior hits you with a +0 long sword!!
You die...

.........................##.#
########.#.#.#.#.#.#.#...##.#
#.#...#.#.#.#.#...##.#
####.#.###.#.#.#.#....#.#
#.(...<....#.#.#.#.#..#.#
#.....######.#.#.#.#..#.#
#.....'......#.....#..#.#
#.....##########..)#..#.#
#.....<.....@o.....#....#
#.....##############....#
#.....#.................#
#..[.............#####..#
###..............######>#
#.................# ###
#.................# #
#.......#####.....# #
#....)))# #######


You could see an orc warrior.

Vanquished Creatures
  An orc warlord (Bailey)
  Harold (D:7)
  Maurice (D:8)
  Prince Ribbit (D:6)
  A meliai zombie (D:5)
  Sigmund (D:5)
  3 yaks (D:8)
  Edmund (D:5)
  A water moccasin (D:6)
  2 ice beasts
  3 orc warriors
  A sky beast (D:8)
  A necrophage (D:5)
  3 ogres
  A centaur (D:6)
  A phantom (D:5)
  2 kobold brigands (D:7)
  Blork the orc (D:5)
  2 scorpions (D:5)
  A water moccasin zombie (D:6)
  3 vampire bats (D:7)
  4 howler monkeys
  A bullfrog zombie (D:5)
  2 centaur zombies
  A hound (D:7)
  Crazy Yiuf (D:3)
  A gnoll shaman (D:5)
  9 orc priests
  4 bullfrog skeletons
  A centaur skeleton (D:5)
  An iguana (D:5)
  Ijyb (D:3)
  Natasha (thrice) (D:3)
  9 orc wizards
  A howler monkey zombie (D:5)
  An adder (D:5)
  15 gnolls
  A white imp (D:7)
  2 ufetubi
  3 dart slugs
  2 worms
  26 orcs
  3 ball pythons
  4 bat skeletons (D:7)
  2 bat zombies (D:7)
  8 endoplasms
  3 giant cockroaches
  15 goblins
  14 hobgoblins
  4 quokkas
  7 bats
  3 frilled lizards
  22 kobolds
  A quokka skeleton (D:4)
  5 rats
212 creatures vanquished.

Vanquished Creatures (others)
  2 fungi (D:3)
2 creatures vanquished.

Grand Total: 214 creatures vanquished

Notes
Turn   | Place    | Note
-------+----------+-------------------------------------------
     0 | D:1      | grumblor the Octopode Brigand began the quest for the Orb.
     0 | D:1      | Reached XP level 1. HP: 14/14 MP: 1/1
    53 | D:1      | Reached XP level 2. HP: 19/19 MP: 2/2
   104 | D:1      | Reached skill level 6 in Stealth
   942 | D:2      | Reached XP level 3. HP: 23/24 MP: 3/3
  1662 | D:3      | Noticed Natasha
  1667 | D:3      | Killed Natasha
  1668 | D:3      | Reached skill level 7 in Stealth
  1668 | D:3      | Reached XP level 4. HP: 29/29 MP: 4/4
  1744 | D:3      | Found a faded altar of an unknown god.
  1848 | D:3      | Found a bloodstained altar of Trog.
  1974 | D:3      | Noticed Natasha
  1981 | D:3      | Killed Natasha
  2005 | D:3      | Reached skill level 1 in Spellcasting
  2125 | D:3      | Found a hazy altar of Hepliaklqana.
  2128 | D:3      | Found a shadowy altar of Dithmenos.
  2128 | D:3      | Noticed a shadow
  2147 | D:3      | Noticed Natasha
  2161 | D:3      | Killed Natasha
  2162 | D:3      | Reached XP level 5. HP: 35/35 MP: 6/6
  2186 | D:3      | Became a worshipper of Dithmenos the Shadowed
  2215 | D:3      | Reached skill level 8 in Stealth
  2390 | D:3      | Noticed Ijyb
  2392 | D:3      | Killed Ijyb
  2444 | D:3      | Noticed an ogre
  2451 | D:3      | Killed an ogre
  2452 | D:3      | Reached XP level 6. HP: 41/41 MP: 6/8
  2506 | D:3      | Found a runed translucent door.
  2507 | D:3      | Noticed Crazy Yiuf
  2588 | D:3      | Killed Crazy Yiuf
  2589 | D:3      | Reached skill level 9 in Stealth
  3491 | D:5      | Entered Level 5 of the Dungeon
  3509 | D:5      | Noticed Sigmund
  3513 | D:5      | Noticed Edmund
  3521 | D:5      | Killed Sigmund
  3522 | D:5      | Reached XP level 7. HP: 31/45 MP: 9/9
  3531 | D:5      | Reached skill level 10 in Stealth
  3531 | D:5      | Reached skill level 1 in Invocations
  3531 | D:5      | Reached skill level 1 in Evocations
  3734 | D:5      | Killed Edmund
  3876 | D:5      | Reached XP level 8. HP: 48/52 MP: 9/11
  3950 | D:5      | Reached skill level 11 in Stealth
  4351 | D:5      | Noticed Blork the orc
  4358 | D:5      | Killed Blork the orc
  4613 | D:5      | Identified the +8 mace of Fuallosk {vorpal, Str+5}
  4745 | D:6      | Reached * piety under Dithmenos
  4778 | D:6      | Reached XP level 9. HP: 32/58 MP: 11/13
  5852 | D:6      | Noticed Prince Ribbit
  5881 | D:6      | Killed Prince Ribbit
  5882 | D:6      | Reached skill level 12 in Stealth
  7057 | D:6      | You fall into a shaft and drop 1 floor!
  7294 | D:7      | Found an ancient bone altar of Kikubaaqudgha.
  7387 | D:7      | Reached ** piety under Dithmenos
  7523 | D:7      | Noticed Harold
  7536 | D:7      | Killed Harold
  7537 | D:7      | Reached skill level 5 in Fighting
  7537 | D:7      | Reached skill level 5 in Dodging
  7537 | D:7      | Reached skill level 13 in Stealth
  7537 | D:7      | Reached XP level 10. HP: 21/66 MP: 15/15
  7542 | D:7      | HP: 1/66 [white imp/puff of frost (9)]
  8260 | D:8      | Noticed Maurice
  8267 | D:8      | Killed Maurice
  8403 | D:8      | Learned a level 2 spell: Poisonous Vapours
  8408 | D:8      | Learned a level 4 spell: Olgreb's Toxic Radiance
  8455 | D:8      | Found a radiant altar of Vehumet.
  8524 | D:8      | Found a shimmering altar of Xom.
  8780 | D:8      | Found a flagged portal.
  8785 | Bailey   | Entered a bailey
  8951 | Bailey   | Noticed an orc warlord
  9362 | Bailey   | Found a runed translucent gate.
  9363 | Bailey   | Found a runed translucent gate.
  9364 | Bailey   | Found a runed translucent gate.
  9578 | Bailey   | Killed an orc warlord
  9579 | Bailey   | Reached skill level 1 in Air Magic
  9579 | Bailey   | Reached skill level 1 in Poison Magic
  9664 | Bailey   | Acquired 792 gold pieces
  9673 | D:8      | Reached skill level 5 in Short Blades
 10208 | D:8      | Found a blossoming altar of Fedhas.
 10332 | D:8      | HP: 1/68 [ice beast (14)]
 10944 | D:9      | Noticed Maggie
 10946 | D:9      | Noticed Joseph
 11326 | D:8      | Mangled by an orc warrior

Illustrated notes

Levels and vault maps discovered:
D:1:      minmay_arrival_plants_in_alcoves, layout_basic
D:2:      layout_loops_ring
D:3:      layout_loops_ring, riverfiend_overflow_shadow_ancestor,
          trog_hazing_becter, hellmonk_ecumenical_altar_pennies_from_heaven,
          uniq_crazy_yiuf_cottage, uniq_natasha, uniq_ijyb
D:4:      layout_basic, nrook_campfire
D:5:      layout_rooms, serial_rivers, chequers_serial_rivers_small_a,
          chequers_serial_rivers_large_a, chequers_serial_rivers_room_a,
          chequers_serial_rivers_large_b, chequers_serial_rivers_small_3,
          uniq_edmund, uniq_blork_the_orc, uniq_sigmund
D:6:      layout_rooms, good_gods_mini_temple,
          minmay_temple_entry_drinking_statues, uniq_prince_ribbit1
D:7:      layout_basic, kennysheep_vampire_church, uniq_harold
D:8:      layout_basic, general_overflow_altar, mainiacjoe_overflow_alcove_4,
          nicolae_vehumet_radiance, enter_bailey_3, uniq_maurice
D:9:      layout_gridville, grunt_potential, uniq_maggie, uniq_joseph

Skill      XL: |  1  2  3  4  5  6  7  8  9 10 |
---------------+-------------------------------+-----
Stealth        | 6 7 8 9 10 11 13 | 13.9
Spellcasting   | 1 2 3 4 |  4.2
Dodging        | 2 3 5 6 |  6.0
Invocations    | 1 2 3 4 |  4.0
Evocations     | 1 2 3 4 |  4.0
Fighting       | 3 5 |  5.8
Short Blades   | 3 4 5 |  5.5
Throwing       | 3 4 |  4.0
Air Magic      | 1 |  1.8
Poison Magic   | 2 |  2.0

Action                   |  1- 3 |  4- 6 |  7- 9 | 10-12 || total
-------------------------+-------+-------+-------+-------++-------
Melee: Dagger            |    60 |    85 |   286 |    14 ||   445
       Constrict         |    13 |    15 |    54 |    33 ||   115
       Tentacles         |    12 |    16 |    84 |    47 ||   159
       Punch             |     1 |     1 |     6 |     3 ||    11
       Unarmed           |       |     3 |       |       ||     3
       Short sword       |       |       |       |   137 ||   137
Throw: Throwing net      |       |     1 |       |       ||     1
       Dart              |       |       |    43 |    34 ||    77
       Boomerang         |       |       |       |    57 ||    57
 Cast: Poisonous Vapours |       |       |       |     7 ||     7
Evoke: Wand              |       |       |     9 |     1 ||    10
  Use: Scroll            |     7 |     6 |     2 |     4 ||    19
       Potion            |       |       |       |     3 ||     3
 Stab: Sleeping          |     9 |    24 |    11 |     7 ||    51
       Distracted        |       |     1 |       |       ||     1
       Held in net/web   |       |     1 |       |       ||     1
       Paralysed         |       |       |     2 |       ||     2
       Fleeing           |       |       |       |     1 ||     1
Armor: Skin              |    10 |    11 |    60 |     9 ||    90
Dodge: Dodged            |    37 |    36 |   189 |   109 ||   371

Table legend: (Time is in decaauts)
 A = Elapsed time spent in this place.
 B = Non-inter-level travel time spent in this place.
 C = Inter-level travel time spent in this place.
 D = Time resting spent in this place.
 E = Time spent auto-exploring this place.
 F = Levels seen in this place.
 G = Mean time per level.
                   A        B        C        D        E       F      G
               +--------+--------+--------+--------+--------+-----+--------+
         Total |  11261 |  11086 |    175 |   3694 |   5296 |  10 | 1126.1 |
       Dungeon |  10382 |  10207 |    175 |   3412 |   5098 |   9 | 1153.6 |
        Bailey |    878 |    878 |      0 |    282 |    198 |   1 |  878.0 |
               +--------+--------+--------+--------+--------+-----+--------+

Top non-repeatable levels by time:
     D:5: 2545 daAuts
     D:8: 2116 daAuts
     D:7: 1194 daAuts
     D:3: 1099 daAuts
     D:6: 980 daAuts
     D:1: 897 daAuts
  Bailey: 878 daAuts
     D:4: 748 daAuts
     D:2: 748 daAuts
     D:9: 52 daAuts
